 Dungeon Crawl Stone Soup version 0.21.1-1-g345015f (webtiles) character file.

89 grindst0ne the Skirmisher (level 4, -4/39 HPs)
             Began as a Demonspawn Chaos Knight on Feb 26, 2018.
             Killed by divine providence
             ... invoked by an orc priest
              (11 damage)
             ... on level 3 of the Dungeon.
             The game lasted 00:03:27 (1513 turns).

grindst0ne the Skirmisher (Demonspawn Chaos Knight) Turns: 1513, Time: 00:03:29

Health: -4/39      AC:  6    Str: 13    XL:     4   Next: 31%
Magic:  4/4        EV: 11    Int: 13    God:    Xom [*.....]
Gold:   69         SH:  0    Dex: 13    Spells: 3/3 levels left

rFire    . . .     SeeInvis .   a - +0 hand axe (chaos)
rCold    . . .     Gourm    .   (no shield)
rNeg     . . .     Faith    +   b - +2 leather armour
rPois    .         Spirit   .   (no helmet)
rElec    .         Reflect  .   (no cloak)
rCorr    .         Harm     .   (no gloves)
MR       .....                  o - +0 pair of boots
Stlth    +.........             i - amulet of faith
HPRegen  0.13/turn              (no ring)
MPRegen  0.09/turn              (no ring)

@: no status effects
A: rot immunity, sturdy frame 1
a: Renounce Religion


You were on level 3 of the Dungeon.
You worshipped Xom.
You were a special plaything of Xom.
You were not hungry.

You visited 1 branch of the dungeon, and saw 3 of its levels.

You collected 69 gold pieces.

Inventory:

Hand Weapons
 a - a +0 hand axe of chaos (weapon)
Armour
 b - a +2 leather armour (worn)
 h - a +0 scale mail
 o - a +0 pair of boots (worn)
Jewellery
 i - an amulet of faith (around neck)
Scrolls
 e - 3 scrolls of identify {unknown}
 f - a scroll of remove curse {unknown}
 g - a scroll of teleportation {unknown}
 l - a scroll of enchant weapon {unknown}
Potions
 d - a potion of agility {unknown}
 k - a potion of magic {unknown}
 n - a potion of brilliance {unknown}
Books
 m - a book of Maledictions

   Spells                             Type                      Level
   a - Corona                         Hexes                        1
   b - Ensorcelled Hibernation        Hexes/Ice                    2
   c - Confuse                        Hexes                        3
   d - Tukima's Dance                 Hexes                        3
   e - Dazzling Spray                 Conjuration/Hexes            3
Comestibles
 c - 2 rations
 j - 4 chunks of flesh


   Skills:
 + Level 5.2 Fighting
 - Level 2.6 Axes
 - Level 1.7 Armour
 - Level 0.8 Dodging


You had 3 spell levels left.
You didn't know any spells.

Dungeon Overview and Level Annotations

Branches:
Dungeon (3/15)

Altars:
Nemelex Xobeh


Innate Abilities, Weirdness & Mutations

You are immune to rotting.
Your movements are slightly less encumbered by armour. (ER -2)


Message History

The weapon returns to the orc!
An orc comes into view. It is wielding a flail.
The orc shouts!
The orc priest completely misses you.
The orc throws a tomahawk of returning.
The tomahawk of returning closely misses you.
The weapon returns to the orc!
You hit the orc priest.
The orc priest is moderately wounded.
The orc priest invokes the aid of Beogh against you.
Pain shoots through your body!
* * * LOW HITPOINT WARNING * * *
You hit the orc priest but do no damage.
The orc priest is moderately wounded.
You hit the orc. "This might be better!"
The orc evaporates and reforms as an adder!
The orc priest mumbles some strange prayers to Beogh against you.
Beogh smites you!
You die...
Xom guffaws!

#.....# #.#
.##.##).# #.#
...
#..########.#
.... #..........
.....#.#.#######
....#.#.######
.............#
....#...####.#
.! .#o@.# # #
#o..# oS....#
.o.....>#
..........#
..........#
..........#
#.........#


You could see an orc priest, an adder and 3 orcs.

Vanquished Creatures
  2 adders (D:2)
  2 worms (D:2)
  3 dart slugs (D:1)
  2 leopard geckos (D:1)
  6 bats
  3 giant cockroaches
  5 goblins (D:1)
  4 hobgoblins
  3 jackals (D:2)
  2 ball pythons (D:2)
  5 frilled lizards
  11 kobolds
  7 rats
55 creatures vanquished.

Vanquished Creatures (collateral kills)
  2 giant cockroaches
  A kobold (D:1)
3 creatures vanquished.

Grand Total: 58 creatures vanquished

Notes
Turn   | Place    | Note
-------+----------+-------------------------------------------
     0 | D:1      | grindst0ne the Demonspawn Chaos Knight began the quest for the Orb.
     0 | D:1      | Reached XP level 1. HP: 18/18 MP: 1/1
    39 | D:1      | Gained mutation: You are immune to rotting. [demonic ancestry]
    39 | D:1      | Reached XP level 2. HP: 21/24 MP: 2/2
    94 | D:1      | Reached skill level 4 in Fighting
   227 | D:1      | XOM: divination: detect creatures
   294 | D:1      | Reached XP level 3. HP: 28/30 MP: 3/3
   642 | D:1      | XOM: harmless Summ miscast
   728 | D:2      | XOM: butterfly on damage
   859 | D:2      | XOM: divination: magic mapping
   898 | D:2      | XOM: mild Summ miscast
   982 | D:2      | Found a sparkling altar of Nemelex Xobeh.
   991 | D:2      | XOM: 3-stop teleportation journey
  1054 | D:2      | Gained mutation: Your movements are slightly less encumbered by armour. (ER -2) [demonic ancestry]
  1054 | D:2      | Reached XP level 4. HP: 38/38 MP: 4/4
  1094 | D:2      | Reached skill level 5 in Fighting
  1508 | D:3      | XOM: harmless Ice miscast
  1513 | D:3      | XOM: polymorph orc -> adder
  1513 | D:3      | Killed from afar by an orc priest

Skill      XL: |  1  2  3  4 |
---------------+-------------+-----
Fighting       | 4 5 |  5.2
Axes           | |  2.6
Armour         | |  1.7
Dodging        | |  0.8

Action                   |  1- 3 |  4- 6 || total
-------------------------+-------+-------++-------
Melee: Hand axe          |   131 |    33 ||   164
  Eat: Chunk             |     1 |     1 ||     2
Armor: Leather armour    |    51 |    17 ||    68
Dodge: Dodged            |    96 |    32 ||   128
